 Dungeon Crawl Stone Soup version 0.28-a0-472-g50180c0d78 (webtiles) character file.

Game seed: 3345983598009552269

129 fsknv the Digger (level 5, -2/28 HPs)
             Began as a Gargoyle Earth Elementalist on Sept 15, 2021.
             Slain by a hornet zombie (9 damage)
             ... on level 3 of the Dungeon.
             The game lasted 00:06:30 (3790 turns).

fsknv the Digger (Gargoyle Earth Elementalist)      Turns: 3790, Time: 00:06:30

Health: -2/28      AC:  5    Str: 10    XL:     5   Next: 12%
Magic:  1/9        EV: 11    Int: 16    God:
Gold:   999        SH:  0    Dex: 10    Spells: 6/10 levels left

rFire   + . .      SeeInvis .   a - +0 short sword
rCold   . . .      Faith    .   (no shield)
rNeg    + . .      Spirit   .   b - +0 robe
rPois   ∞          Reflect  .   (no helmet)
rElec   +          Harm     .   (no cloak)
rCorr   .          Rampage  .   (no gloves)
Will    .....                   (no boots)
Stlth   ++........              (no amulet)
HPRegen 0.09/turn               (no ring)
MPRegen 0.11/turn               (no ring)

@: no status effects
A: sickness immunity, AC +4, negative energy resistance 1, electricity
resistance, torment resistance 1, petrification resistance, deformed body, fire
resistance 1, weak 1
a: no special abilities


You were on level 3 of the Dungeon.
You visited 1 branch of the dungeon, and saw 3 of its levels.

You collected 999 gold pieces.

Inventory:

Hand Weapons
 a - a +0 short sword (weapon)
 d - a +0 vorpal flail
Missiles
 c - 35 stones
Armour
 b - a +0 robe (worn)
Scrolls
 f - 2 scrolls of identify
 g - 3 scrolls of teleportation
Potions
 e - a potion of curing {unknown}
 h - 2 potions of berserk rage


   Skills:
 - Level 1.5 Dodging
 - Level 2.1 Stealth
 + Level 3.3 Spellcasting
 + Level 2.1 Conjurations
 - Level 0.7 Transmutations
 + Level 5.1 Earth Magic


You had 6 spell levels left.
You knew the following spells:

 Your Spells              Type           Power      Damage    Failure   Level
a - Sandblast             Erth           38%        2d10      2%          1
b - Stone Arrow           Conj/Erth      28%        3d8       12%         3

Your spell library contained the following spells:

 Spells                   Type           Power      Damage    Failure   Level
 Magic Dart               Conj           36%        1d4       8%          1
 Passwall                 Tmut/Erth      9%         N/A       9%          2
 Call Imp                 Summ           2%         N/A       28%         2
 Mephitic Cloud           Conj/Pois/Air  4%         N/A       38%         3
 Petrify                  Tmut/Erth      11%        N/A       50%         4


Dungeon Overview and Level Annotations

Branches:
Dungeon (3/15)

Altars:
Ashenzari
Fedhas


Innate Abilities, Weirdness & Mutations

You are immune to sickness and miasma.
Your stone body is resilient. (AC +4)
You are immune to poison.
You resist negative energy. (rN+)
You are resistant to electric shocks. (rElec)
You are resistant to unholy torment.
You are immune to petrification.
Armour fits poorly on your strangely shaped body.
Your flesh is heat resistant. (rF+)
You are weak. (Str -2)


Message History

Aiming: Sandblast (safe; 2% risk of failure)
Press: ? - help, Shift-Dir - straight line, f/p - hornet zombie
Aim: a hornet zombie (heavily damaged, 82% to hit)
The blast of sand misses the hornet zombie.
The hornet zombie hits you but does no damage. x2
Casting: Sandblast (safe; 2% risk of failure)
Confirm with . or Enter, or press ? or * to list all spells.
Aiming: Sandblast (safe; 2% risk of failure)
Press: ? - help, Shift-Dir - straight line, f/p - hornet zombie
Aim: a hornet zombie (heavily damaged, 82% to hit)
The blast of sand hits the hornet zombie!
The hornet zombie is heavily damaged.
The hornet zombie hits you!
Casting: Sandblast (safe; 2% risk of failure)
Confirm with . or Enter, or press ? or * to list all spells.
Aiming: Sandblast (safe; 2% risk of failure)
Press: ? - help, Shift-Dir - straight line, f/p - hornet zombie
Aim: a hornet zombie (heavily damaged, 82% to hit)
The blast of sand hits the hornet zombie!
The hornet zombie is severely damaged.
The hornet zombie hits you but does no damage.
Casting: Sandblast (safe; 2% risk of failure)
Confirm with . or Enter, or press ? or * to list all spells.
Aiming: Sandblast (safe; 2% risk of failure)
Press: ? - help, Shift-Dir - straight line, f/p - hornet zombie
Aim: a hornet zombie (severely damaged, 82% to hit)
The blast of sand hits the hornet zombie.
The hornet zombie is almost destroyed.
The hornet zombie hits you!
* * * LOW HITPOINT WARNING * * *
The hornet zombie barely misses you.
Casting: Sandblast (safe; 2% risk of failure)
Confirm with . or Enter, or press ? or * to list all spells.
Aiming: Sandblast (safe; 2% risk of failure)
Press: ? - help, Shift-Dir - straight line, f/p - hornet zombie
Aim: a hornet zombie (almost destroyed, 82% to hit)
The blast of sand hits the hornet zombie.
The hornet zombie is almost destroyed.
The hornet zombie hits you!
You die...

.........##.#####.#.#** *,,*
.........##.#.......,,* *,,*
###............##.#,*,* *,,*
#.########......#,*,* *,,* #.#
#...##.#,*,* *,,* #.#
#...##.#,*,* *,,* #.#
#...##.#,*.##*****,,*
###.#########+###.#.....,,,,,,,*
...............Z@.......>****,**
.....##.#####.#.###.#....,,,,,*
.[...##.#####.#.* *.#**##****,*
..............#.* *,# *,*
..............#.* *,* *,*
#######'#####.#.* *,* *,*
.##........#*,#.* *,* *,*
.##........#*,#.* *,* ***
.##........#*,#,* *,*


You could see a hornet zombie.

Vanquished Creatures
  An orc priest (D:3)
  A gnoll (D:1)
  3 adders (D:2)
  A worm (D:2)
  2 dart slugs
  3 orcs (D:3)
  5 ball pythons
  An endoplasm (D:2)
  2 giant cockroaches (D:2)
  4 goblins
  2 hobgoblins (D:1)
  6 quokkas (D:1)
  5 bats
  6 frilled lizards
  5 kobolds
  5 rats
52 creatures vanquished.

Notes
Turn   | Place    | Note
-------+----------+-------------------------------------------
     0 | D:1      | fsknv the Gargoyle Earth Elementalist began the quest for
                  | the Orb.
     0 | D:1      | Reached XP level 1. HP: 10/10 MP: 3/3
   715 | D:1      | Reached skill level 4 in Earth Magic
   715 | D:1      | Reached XP level 2. HP: 15/15 MP: 3/5
   728 | D:1      | Identified a scroll of acquirement
   728 | D:1      | Acquired 899 gold pieces
  1054 | D:1      | Reached XP level 3. HP: 19/19 MP: 6/6
  1058 | D:1      | Learned a level 3 spell: Stone Arrow
  1733 | D:1      | Found a faded altar of an unknown god.
  2047 | D:2      | Reached skill level 1 in Conjurations
  2056 | D:2      | Gained mutation: Armour fits poorly on your strangely
                  | shaped body. [potion of mutation]
  2056 | D:2      | Gained mutation: Your flesh is heat resistant. (rF+)
                  | [potion of mutation]
  2056 | D:2      | Gained mutation: You are weak. (Str -2) [potion of
                  | mutation]
  2129 | D:2      | Reached XP level 4. HP: 18/24 MP: 3/8
  3311 | D:3      | Reached skill level 5 in Earth Magic
  3311 | D:3      | Reached XP level 5. HP: 8/28 MP: 4/9
  3703 | D:3      | Found a broken altar of Ashenzari.
  3704 | D:3      | Found a blossoming altar of Fedhas.
  3790 | D:3      | Slain by a hornet zombie

Illustrated notes

Levels and vault maps discovered:
D:1:      erik_arrival_cave_to_civilisation [erik_arrival_cave_to_temple],
          layout_basic, basic_ecumenical_altar
D:2:      layout_basic, st_stairs_13, interstate_on_off
D:3:      layout_basic, gammafunk_temple_overflow_pools,
          amcnicky_mini_pool_small, minmay_misc_feat_columns

Skill      XL: |  1  2  3  4 |
---------------+-------------+-----
Earth Magic    | 4 5 |  5.1
Conjurations   | 1 2 |  2.1
Spellcasting   | 3 |  3.3
Dodging        | |  1.5
Stealth        | |  2.1
Transmutations | |  0.7

Action                   |  1- 3 |  4- 6 || total
-------------------------+-------+-------++-------
Melee: Unarmed           |    36 |       ||    36
       Short sword       |    71 |    48 ||   119
 Cast: Sandblast         |    26 |    22 ||    48
  Use: Scroll            |     5 |     4 ||     9
       Potion            |     1 |       ||     1
 Stab: Sleeping          |     3 |     2 ||     5
Armor: Robe              |    52 |    33 ||    85
Dodge: Dodged            |    86 |    41 ||   127

Table legend: (Time is in decaauts)
 A = Elapsed time spent in this place.
 B = Non-inter-level travel time spent in this place.
 C = Inter-level travel time spent in this place.
 D = Time resting spent in this place.
 E = Time spent auto-exploring this place.
 F = Levels seen in this place.
 G = Mean time per level.
                   A        B        C        D        E       F      G
               +--------+--------+--------+--------+--------+-----+--------+
         Total |   3801 |   3715 |     86 |    236 |   2975 |   3 | 1267.0 |
       Dungeon |   3801 |   3715 |     86 |    236 |   2975 |   3 | 1267.0 |
               +--------+--------+--------+--------+--------+-----+--------+

Top non-repeatable levels by time:
     D:1: 1985 daAuts
     D:2: 1262 daAuts
     D:3: 553 daAuts
